 Dungeon Crawl Stone Soup version 0.27-a0-1555-g0e7b3fb1d2 (webtiles) character file.

Game seed: 1319590080217278344

74 snetch the Magician (level 4, -2/31 HPs)
             Began as a Djinni Fire Elementalist on July 14, 2021.
             Was a Believer of Lugonu.
             Slain by a gnoll (4 damage)
             ... on level 2 of the Dungeon.
             The game lasted 00:04:07 (2120 turns).

snetch the Magician (Djinni Fire Elementalist)      Turns: 2120, Time: 00:04:08

Health: -2/31      AC:  2    Str:  7    XL:     4   Next: 54%
Gold:   111        EV:  6    Int: 18    God:    Lugonu [**....] SH:  0 Dex: 13

rFire    + + .     SeeInvis +   j - +1 dagger (elec)
rCold    x . .     Faith    .   (no shield)
rNeg     . . .     Spirit   .   a - +0 robe
rPois    ∞         Reflect  .   (no helmet)
rElec    .         Harm     .   (no cloak)
rCorr    .         Rampage  .   (no gloves)
Will     .....                  (boots unavailable)
Stlth    ++........             (no amulet)
HPRegen  0.10/turn              m - ring of see invisible
MPRegen  0.00/turn              (no ring)

@: flying, held
A: sickness immunity, fire resistance 2, cold vulnerability 1, float, innate
caster, hp casting, extra vitality 1
a: Renounce Religion, Depart the Abyss, Bend Space


You were on level 2 of the Dungeon.
You worshipped Lugonu.
Lugonu was pleased with you.
You visited 1 branch of the dungeon, and saw 3 of its levels.

You collected 111 gold pieces.

Inventory:

Hand Weapons
 j - a +1 dagger of electrocution (weapon)
Missiles
 b - 22 arrows
 i - 20 stones
 l - 45 sling bullets
Armour
 a - a +0 robe (worn)
Jewellery
 m - a ring of see invisible (left hand)
Scrolls
 c - 3 scrolls of immolation {unknown}
 d - 2 scrolls of identify {unknown}
 k - 3 scrolls of fog {unknown}
 n - a scroll of teleportation {unknown}
 o - a scroll of enchant armour {unknown}
Potions
 e - a potion of brilliance {unknown}
 f - a potion of might {unknown}
 g - a potion of heal wounds {unknown}
 h - 2 potions of resistance {unknown}


   Skills:
 + Level 0.1 Fighting
 + Level 3.0 Dodging
 + Level 1.9 Stealth
 + Level 3.4 Spellcasting


You couldn't memorise any spells.
You knew the following spells:

 Your Spells              Type           Power      Damage    Failure   Level
a - Foxfire               Conj/Fire      60%        2x1d7     3%          1
b - Conjure Flame         Conj/Fire      15%        6-21      11%         3
c - Inner Flame           Hex/Fire       15%        N/A       11%         3
d - Sticky Flame          Conj/Fire      15%        2d4       36%         4
e - Fireball              Conj/Fire      7%         3d5       71%         5
f - Animate Skeleton      Necr           30%        N/A       3%          1
Your spell library was empty.

Dungeon Overview and Level Annotations

Branches:
Dungeon (3/15)

Altars:
Lugonu

Annotations:
D:2 eyes behind stone


Innate Abilities, Weirdness & Mutations

You are immune to sickness and miasma.
You are immune to poison.
Your flesh is very heat resistant. (rF++)
You are vulnerable to cold. (rC-)
You float through the air rather than walking.
You learn spells naturally, not from books.
Your magical power is your life essence.
You have superior vitality. (+4 HP)


Message History

You kill the gnoll!
Lugonu accepts your kill.
The foxfire hits the gnoll.
The gnoll is lightly wounded.
You conjure some foxfire!
The foxfire hits the gnoll.
The gnoll is moderately wounded.
You conjure some foxfire!
The foxfire hits the gnoll.
The gnoll is heavily wounded.
The foxfire hits the gnoll.
The gnoll is severely wounded.
The foxfire hits the gnoll but does no damage.
You conjure some foxfire!
The gnoll hits you with a +0 flail.
There is not enough space to conjure foxfire!
There is not enough space to conjure foxfire!
Unknown command.
The foxfire hits the gnoll.
The gnoll is almost dead.
The foxfire hits the gnoll.
You kill the gnoll!
Lugonu accepts your kill.
The foxfire hits the gnoll.
The gnoll is moderately wounded.
The gnoll hits you with a +0 whip.
Your Dodging skill increases to level 3!
You struggle against the net.
The gnoll hits you with a +0 whip!
* * * LOW HITPOINT WARNING * * *
Unknown command.
You are too injured to fight recklessly!
Casting: Foxfire (safe; 3% risk of failure)
Press: ? - help, Q - select action, (/) - cycle Dir - look around, f - activate You conjure some foxfire!
* * * LOW HITPOINT WARNING * * *
The gnoll hits you with a +0 whip.
* * * LOW HITPOINT WARNING * * *
The foxfire hits the gnoll but does no damage.
The gnoll is moderately wounded.
The foxfire hits the gnoll.
The gnoll is severely wounded.
The gnoll hits you with a +0 whip.
You die...

#.# #.# ########### #.#
#......>#.###.#
#.#####.......######### ## #.###
#.#.##..........# .#
.....##.#.##.###......# .#
#.##.g....##.###.#.##.# .#
#....)@§####.##....##.# .##
####.#### #.##..#.....
..######### #. #.......##.#
.#.#......# . #.##.......#
###..####.# # #.##.......# #
##...########### #.##..#.####
###..#.##........#####.###...#
†#...#.##........#..##.####).###.
..#.....#........#...............


You could see a gnoll.

Vanquished Creatures
  3 gnolls (D:2)
  A worm (D:2)
  A dart slug (D:1)
  2 ball pythons
  3 endoplasms (D:1)
  2 giant cockroaches (D:1)
  A goblin (D:2)
  3 hobgoblins
  4 jackals (D:2)
  4 kobolds
  4 quokkas
  4 bats
  2 frilled lizards
  5 rats
39 creatures vanquished.

Vanquished Creatures (collateral kills)
  A foxfire (D:2)
1 creature vanquished.

Vanquished Creatures (others)
  137 foxfires
137 creatures vanquished.

Grand Total: 177 creatures vanquished

Notes
Turn   | Place    | Note
-------+----------+-------------------------------------------
     0 | D:1      | snetch the Djinni Fire Elementalist began the quest for the
                  | Orb.
     0 | D:1      | Reached XP level 1. HP: 15/15 MP: 0/0
   277 | D:2      | Reached XP level 2. HP: 19/21 MP: 0/0
  1040 | D:1      | Reached XP level 3. HP: 22/25 MP: 0/0
  1040 | D:1      | Learned a level 1 spell: Animate Skeleton
  1548 | D:2      | Noticed a great orb of eyes
  1553 | D:2      | Found a faded altar of an unknown god.
  1555 | D:2      | Noticed a floating eye
  1555 | D:2      | Noticed a floating eye
  1555 | D:2      | Noticed a floating eye
  1634 | D:2      | Became a worshipper of Lugonu the Unformed
  1634 | D:2      | Reached * piety under Lugonu
  1634 | D:2      | Reached ** piety under Lugonu
  2000 | D:2      | Reached XP level 4. HP: 26/31 MP: 0/0
  2120 | D:2      | Slain by a gnoll

Illustrated notes

Levels and vault maps discovered:
D:1:      tarquinn_simple_flora_water_d, layout_loops_cross
D:2:      layout_loops_cross, hellmonk_ecumenical_altar_watching_god,
          kennysheep_generic_room_4
D:3:      layout_loops_ring, kennysheep_another_room, chequers_avenue

Skill      XL: |  1  2  3  4 |
---------------+-------------+-----
Spellcasting   | 3 |  3.4
Dodging        | 3 |  3.0
Fighting       | |  0.1
Stealth        | |  1.9

Action                   |  1- 3 |  4- 6 || total
-------------------------+-------+-------++-------
Melee: Dagger            |     1 |       ||     1
 Cast: Foxfire           |    78 |    10 ||    88
 Stab: Sleeping          |     1 |       ||     1
Armor: Robe              |     3 |       ||     3
Dodge: Dodged            |     6 |     1 ||     7

Table legend: (Time is in decaauts)
 A = Elapsed time spent in this place.
 B = Non-inter-level travel time spent in this place.
 C = Inter-level travel time spent in this place.
 D = Time resting spent in this place.
 E = Time spent auto-exploring this place.
 F = Levels seen in this place.
 G = Mean time per level.
                   A        B        C        D        E       F      G
               +--------+--------+--------+--------+--------+-----+--------+
         Total |   2121 |   2112 |      9 |    221 |   1588 |   3 |  707.0 |
       Dungeon |   2121 |   2112 |      9 |    221 |   1588 |   3 |  707.0 |
               +--------+--------+--------+--------+--------+-----+--------+

Top non-repeatable levels by time:
     D:1: 1302 daAuts
     D:2: 816 daAuts
     D:3: 1 daAuts
